 Dungeon Crawl Stone Soup version 0.27-a0-808-g60bc5d92e6 (webtiles) character file.

Game seed: 158436424116361311

82 tilp the Magician (level 4, -3/31 HPs)
             Began as a Djinni Venom Mage on Mar 28, 2021.
             Slain by Crazy Yiuf
             ... wielding a +2 quarterstaff of chaos
              (14 damage)
             ... on level 2 of the Dungeon.
             The game lasted 00:04:09 (3343 turns).

tilp the Magician (Djinni Venom Mage)               Turns: 3343, Time: 00:04:10

Health: -3/31      AC:  2    Str:  7    XL:     4   Next: 43%
Gold:   58         EV: 16    Int: 18    God:
                   SH:  0    Dex: 13

rFire    + + .     SeeInvis .   a - +1 hand axe
rCold    x . .     Faith    .   (no shield)
rNeg     . . .     Spirit   .   c - +0 robe
rPois    ∞         Reflect  .   (no helmet)
rElec    .         Harm     .   (no cloak)
rCorr    .         Rampage  .   (no gloves)
Will     .....                  (boots unavailable)
Stlth    ++........             (no amulet)
HPRegen  0.10/turn              j - +4 ring of evasion
MPRegen  0.00/turn              (no ring)

@: flying
A: fire resistance 2, cold vulnerability 1, float, innate caster, hp casting,
extra vitality 1
a: no special abilities


You were on level 2 of the Dungeon.
You visited 1 branch of the dungeon, and saw 2 of its levels.

You collected 58 gold pieces.

Inventory:

Hand Weapons
 a - a +1 hand axe (weapon)
 b - a +0 whip
Missiles
 g - 52 stones (quivered)
Armour
 c - a +0 robe (worn)
Jewellery
 j - a +4 ring of evasion (left hand)
Scrolls
 e - a scroll of identify
 f - a scroll of fog {unknown}
 i - a scroll of enchant weapon
 k - a scroll of vulnerability {unknown}
 l - a scroll of noise {unknown}
Potions
 d - a potion of lignification
 h - a potion of magic


   Skills:
 - Level 2.1 Dodging
 - Level 1.5 Stealth
 + Level 4.3 Spellcasting


You couldn't memorise any spells.
You knew the following spells:

 Your Spells              Type           Power      Damage    Failure   Level
a - Sting                 Tmut/Pois      76%        1d6       2%          1
b - Poisonous Vapours     Pois/Air       38%        N/A       3%          2
c - Mephitic Cloud        Conj/Pois/Air  19%        N/A       7%          3
d - Ignite Poison         Fire/Tmut/Pois 19%        N/A       7%          3
e - Olgreb's Toxic Radia  Pois           19%        N/A       24%         4
f - Shock                 Conj/Air       76%        1d7       2%          1
Your spell library was empty.

Dungeon Overview and Level Annotations

Branches:
Dungeon (2/15)

Altars:

Annotations:
D:2 Crazy Yiuf, Sigmund


Innate Abilities, Weirdness & Mutations

You are immune to poison.
Your flesh is very heat resistant. (rF++)
You are vulnerable to cold. (rC-)
You float through the air rather than walking.
You learn spells naturally, not from books.
Your magical power is your life essence.
You have superior vitality. (+4 HP)


Message History

The ball explodes into a vile cloud!
The stinking cloud engulfs you but does no damage.
The stinking cloud engulfs Crazy Yiuf but does no damage.
Crazy Yiuf hits you with a +2 quarterstaff of chaos!
Crazy Yiuf burns you.
Casting: Mephitic Cloud (quite dangerous; 7% risk of failure)
Confirm with . or Enter, or press ? or * to list all spells.
The spell is quite dangerous to cast (7% risk of failure)!
Continue anyway?
Okay, then.
Casting: Mephitic Cloud (quite dangerous; 7% risk of failure)
Confirm with . or Enter, or press ? or * to list all spells.
The spell is quite dangerous to cast (7% risk of failure)!
Continue anyway?
Uppercase [Y]es or [N]o only, please.
The spell is quite dangerous to cast (7% risk of failure)!
Continue anyway?
Okay, then.
Casting: Mephitic Cloud (quite dangerous; 7% risk of failure)
Confirm with . or Enter, or press ? or * to list all spells.
The spell is quite dangerous to cast (7% risk of failure)!
Continue anyway?
Uppercase [Y]es or [N]o only, please.
The spell is quite dangerous to cast (7% risk of failure)!
Continue anyway?
Aiming: Mephitic Cloud (quite dangerous; 7% risk of failure)
Press: ? - help, Shift-Dir - straight line, f - you The ball explodes into a vile cloud!
The stinking cloud engulfs you but does no damage.
The stinking cloud engulfs Crazy Yiuf but does no damage.
Crazy Yiuf barely misses you.
Casting: Mephitic Cloud (quite dangerous; 7% risk of failure)
Confirm with . or Enter, or press ? or * to list all spells.
The spell is quite dangerous to cast (7% risk of failure)!
Continue anyway?
Okay, then.
Unknown command.
Casting: Ignite Poison (quite dangerous; 7% risk of failure)
Confirm with . or Enter, or press ? or * to list all spells.
The spell is quite dangerous to cast (7% risk of failure)!
Continue anyway?
You ignite the poison in your surroundings!
* * * LOW HITPOINT WARNING * * *
Crazy Yiuf is engulfed in blazing flames.
Crazy Yiuf cries, "Candle down testudinal!"
Crazy Yiuf hits you with a +2 quarterstaff of chaos!
You die...

..(.......#.........#############
#####.......#######.#..........†#
#####......[# ##########.###.
..).........# ### ##
#####.......# # #######.###.####
### .........##..#.## ###..)# #
#######..#......####.'...# ### ##
#.#.......@#..##...# #.###.
#..###.##.#g### ### ##...# #.##
######## ##### # #.# # #.# ###
##### # #.# #.# #.#.# # #.# #.#
#.#.# # ###.# #.# #.#)# # #...#
#.### #.#.#


You could see Crazy Yiuf.

Vanquished Creatures
  Terence (D:2)
  An adder (D:2)
  3 worms (D:2)
  2 dart slugs (D:1)
  7 ball pythons
  5 endoplasms
  A giant cockroach (D:2)
  3 goblins
  2 hobgoblins (D:1)
  A quokka (D:1)
  4 bats
  A frilled lizard (D:1)
  A kobold (D:1)
  6 rats
38 creatures vanquished.

Vanquished Creatures (others)
  5 fungi (D:2)
5 creatures vanquished.

Grand Total: 43 creatures vanquished

Notes
Turn   | Place    | Note
-------+----------+-------------------------------------------
     0 | D:1      | tilp the Djinni Venom Mage began the quest for the Orb.
     0 | D:1      | Reached XP level 1. HP: 15/15 MP: 0/0
   168 | D:1      | Reached skill level 3 in Spellcasting
   435 | D:1      | Reached XP level 2. HP: 16/21 MP: 0/0
  1382 | D:1      | Reached XP level 3. HP: 23/25 MP: 0/0
  1382 | D:1      | Learned a level 1 spell: Shock
  1511 | D:2      | Noticed Sigmund
  1531 | D:2      | HP: 1/25 [Sigmund/+0 scythe (9)]
  2312 | D:2      | Noticed Terence
  2321 | D:2      | Killed Terence
  2322 | D:2      | Reached skill level 4 in Spellcasting
  2322 | D:2      | Reached XP level 4. HP: 15/31 MP: 0/0
  3302 | D:2      | Found a runed translucent door.
  3303 | D:2      | Noticed Crazy Yiuf
  3343 | D:2      | Slain by Crazy Yiuf

Illustrated notes

Levels and vault maps discovered:
D:1:      tarquinn_simple_flora_water_d, layout_basic
D:2:      layout_loops_ring, uniq_crazy_yiuf_cottage, uniq_sigmund, uniq_terence

Skill      XL: |  1  2  3 |
---------------+----------+-----
Spellcasting   | 3 4 |  4.3
Dodging        | |  2.1
Stealth        | |  1.5

Action                   |  1- 3 |  4- 6 || total
-------------------------+-------+-------++-------
Melee: Whip              |     2 |       ||     2
       Hand axe          |     5 |     4 ||     9
 Cast: Sting             |    20 |     1 ||    21
       Poisonous Vapours |    28 |    14 ||    42
       Shock             |     2 |     4 ||     6
       Mephitic Cloud    |       |     2 ||     2
       Ignite Poison     |       |     1 ||     1
  Use: Scroll            |     3 |       ||     3
Armor: Robe              |     1 |       ||     1
Dodge: Dodged            |     8 |     1 ||     9

Table legend: (Time is in decaauts)
 A = Elapsed time spent in this place.
 B = Non-inter-level travel time spent in this place.
 C = Inter-level travel time spent in this place.
 D = Time resting spent in this place.
 E = Time spent auto-exploring this place.
 F = Levels seen in this place.
 G = Mean time per level.
                   A        B        C        D        E       F      G
               +--------+--------+--------+--------+--------+-----+--------+
         Total |   3345 |   3234 |    111 |    850 |   2108 |   2 | 1672.5 |
       Dungeon |   3345 |   3234 |    111 |    850 |   2108 |   2 | 1672.5 |
               +--------+--------+--------+--------+--------+-----+--------+

Top non-repeatable levels by time:
     D:1: 1683 daAuts
     D:2: 1662 daAuts
